 Dungeon Crawl Stone Soup version 0.21.1-1-g345015f (webtiles) character file.

11706 vatarom the Zephyrmancer (level 11, -7/63 HPs)
             Began as a Tengu Air Elementalist on Apr 7, 2018.
             Was a Priest of Vehumet.
             Mangled by a seven-headed hydra (17 damage)
             ... on level 12 of the Dungeon.
             The game lasted 00:36:40 (16157 turns).

vatarom the Zephyrmancer (Tengu Air Elementalist)  Turns: 16157, Time: 00:36:41

Health: -7/63      AC:  4    Str: 14    XL:     11   Next: 81%
Magic:  0/25       EV: 13    Int: 16    God:    Vehumet [***...]
Gold:   563        SH:  0    Dex: 16    Spells: 11/29 levels left

rFire    + + .     SeeInvis +   h - staff of energy
rCold    x . .     Gourm    .   (no shield)
rNeg     . . .     Faith    .   a - +0 robe
rPois    .         Spirit   .   (helmet restricted)
rElec    .         Reflect  .   r - +0 cloak
rCorr    .         Harm     .   (no gloves)
MR       .....                  (boots unavailable)
Stlth    ++........             (no amulet)
HPRegen  0.20/turn              f - ring of fire
MPRegen  0.19/turn              d - +4 ring of strength

@: swift, quick
A: beak, claws 1, talons 3, see invisible, agile 1, dopey 1, fire resistance 1,
shaggy fur 1, able to fly 1
a: Fly, Renounce Religion


You were on level 12 of the Dungeon.
You worshipped Vehumet.
Vehumet was most pleased with you.
You were not hungry.

You visited 2 branches of the dungeon, and saw 13 of its levels.

You collected 563 gold pieces.

Inventory:

Hand Weapons
 j - the +8 lance "Wyrmbane" {slay drac, rPois rF+ rC+ AC+3}
   (You found it on level 8 of the Dungeon)

   It affects your AC (+3).
   It protects you from fire.
   It protects you from cold.
   It protects you from poison.
 n - a +0 dagger of venom
Missiles
 e - 11 tomahawks (quivered)
Armour
 a - a +0 robe (worn)
 r - a +0 cloak (worn)
Magical Staves
 h - an uncursed staff of energy (weapon)
Jewellery
 d - a +4 ring of strength (right claw)
 f - a ring of fire (left claw)
Wands
 m - a wand of enslavement (9)
 q - a wand of random effects (26)
 u - a wand of flame (26)
Scrolls
 k - 5 scrolls of enchant armour
 l - 2 scrolls of teleportation
 o - 5 scrolls of remove curse
 p - 3 scrolls of enchant weapon
 s - a scroll of vulnerability {unknown}
 t - a scroll of magic mapping
 x - a scroll of immolation {unknown}
 y - a scroll of acquirement {unknown}
 C - a scroll of blinking {unknown}
 E - 5 scrolls of identify
Potions
 g - a potion of might
 v - 2 potions of degeneration {unknown}
 B - a potion of lignification {unknown}
Books
 b - a book of Air

   Spells                             Type                      Level
   a - Shock                          Conjuration/Air              1
   b - Swiftness                      Charms/Air                   2
   c - Static Discharge               Conjuration/Air              3
   d - Airstrike                      Air                          4
   e - Lightning Bolt                 Conjuration/Air              5
 i - a book of Power

   Spells                             Type                      Level
   a - Iskenderun's Battlesphere      Conjuration/Charms           5
   b - Venom Bolt                     Conjuration/Poison           5
   c - Bolt of Magma                  Conjuration/Fire/Earth       5
   d - Iron Shot                      Conjuration/Earth            6
   e - Orb of Destruction             Conjuration                  7
   f - Spellforged Servitor           Conjuration/Summoning        7
 w - a book of Minor Magic

   Spells                             Type                      Level
   a - Magic Dart                     Conjuration                  1
   b - Blink                          Translocation                2
   c - Call Imp                       Summoning                    2
   d - Slow                           Hexes                        2
   e - Conjure Flame                  Conjuration/Fire             3
   f - Mephitic Cloud                 Conjuration/Poison/Air       3
Comestibles
 c - 6 rations


   Skills:
 * Level 5.0 Fighting
 - Level 2.1 Dodging
 - Level 2.3 Stealth
 * Level 9.6 Spellcasting
 + Level 10.7 Conjurations
 * Level 13.3 Air Magic
 + Level 6.1 Evocations


You had 11 spell levels left.
You knew the following spells:

 Your Spells              Type           Power        Failure   Level  Hunger
a - Shock                 Conj/Air       ####         1%          1    None
b - Swiftness             Chrm/Air       ####....     1%          2    None
c - Static Discharge      Conj/Air       #####...     1%          3    None
d - Airstrike             Air            ######....   1%          4    None
e - Lightning Bolt        Conj/Air       #####.....   1%          5    None
f - Mephitic Cloud        Conj/Pois/Air  ####....     1%          3    None


Dungeon Overview and Level Annotations

Branches:
Dungeon (12/15)            Temple (1/1) D:4            Lair (0/6) D:9
    Orc: D:9-12

Altars:
Ashenzari
Cheibriados
Dithmenos
Elyvilon
Fedhas
Gozag
Hepliaklqana
Kikubaaqudgha
Makhleb
Nemelex Xobeh
Okawaru
Qazlal
Ru
Sif Muna
Trog
Uskayaw
Vehumet
Wu Jian
Xom
Yredelemnul
Zin
The Shining One

Shops:
D:11 (   D:12 =

Portals:
Trove: D:11 (give 21 scrolls of identify)

Annotations:
D:11 exclusion: orange crystal statue, glosham's ghost, journeyman OpBe; tidbits's ghost, journeyman GnEn


Innate Abilities, Weirdness & Mutations

You have a beak for a mouth.
You have claws for feet.
You can fly.
You have sharp fingernails.
You have supernaturally acute eyesight. (SInv)
You are agile. (Dex +2)
You are dopey. (Int -2)
Your flesh is heat resistant. (rF+)
You are covered in fur. (AC +1)


Message History

The air twists around and strikes the seven-headed hydra!
The seven-headed hydra is severely wounded.
Casting: Airstrike
Confirm with . or Enter, or press ? or * to list all spells.
Aiming: Airstrike
Press: ? - help, Dir - move target cursor, f/p - seven-headed hydra
Aim: a seven-headed hydra (severely wounded)
The air twists around and strikes the seven-headed hydra!
The seven-headed hydra is almost dead.
The seven-headed hydra bites you!
The seven-headed hydra bites you but does no damage.
The seven-headed hydra bites you. The seven-headed hydra misses you.
The seven-headed hydra bites you! x2
* * * LOW HITPOINT WARNING * * *
The seven-headed hydra barely misses you.
The seven-headed hydra bites you!
* * * LOW HITPOINT WARNING * * *
The seven-headed hydra closely misses you.
The seven-headed hydra bites you!
You die...

....... #.#.#.#
...#.#########(..#.#
..)................#
...#.#............#
...#.#.##.........
...#.#.##.#####'#######
####.#.##...∩..........
#.#.###...##.###### ..
#.#.###..###.@....#....
..............D........
......#..######.#.#...#
.......# #u# # .#
....#.## #.# ....#..
... ... ..$.. .....


You could see a seven-headed hydra and a purple ugly thing.

Vanquished Creatures
  2 two-headed ogres
  A cyclops (D:8)
  A gargoyle (D:10)
  A komodo dragon (D:12)
  A troll (D:11)
  3 hippogriffs (D:8)
  A shadow (D:8)
  A spriggan (D:8)
  A wraith (D:12)
  12 yaks (D:11)
  A basilisk (D:12)
  A hungry ghost (D:8)
  Edmund (D:4)
  An acid dragon (D:12)
  2 hell hounds (D:9)
  An ice beast (D:6)
  5 black bears (D:6)
  6 orc warriors
  4 ogres
  A phantom (D:11)
  6 sky beasts
  2 centaurs
  2 big kobolds (D:12)
  7 bullfrogs
  A gnoll sergeant (D:9)
  2 scorpions (D:10)
  A wyvern skeleton (D:9)
  5 killer bees (D:12)
  2 bullfrog zombies
  3 howler monkeys (D:7)
  2 crimson imps
  2 quasits
  6 hounds
  11 orc wizards
  12 orc priests
  4 centaur skeletons
  4 jellies
  2 bullfrog skeletons
  Jessica (D:3)
  2 worker ants
  5 iguanas
  2 killer bee zombies
  The ghost of Flooderbenga the Grave Robber, a weakling GnNe (D:5)
  A hound skeleton (D:4)
  A hound zombie (D:11)
  2 worker ant zombies
  10 adders
  14 gnolls
  3 shadow imps
  An adder zombie (D:8)
  4 worms
  A dart slug (D:1)
  8 leopard geckos
  47 orcs
  3 ball pythons
  9 bats
  5 giant cockroaches
  4 hobgoblins
  21 jackals
  2 quokkas
  6 frilled lizards
  5 goblins
  15 kobolds
  2 leopard gecko skeletons
  A quokka zombie (D:7)
  8 rats
305 creatures vanquished.

Vanquished Creatures (collateral kills)
  2 hounds (D:8)
  A quokka (D:8)
3 creatures vanquished.

Grand Total: 308 creatures vanquished

Notes
Turn   | Place    | Note
-------+----------+-------------------------------------------
     0 | D:1      | vatarom the Tengu Air Elementalist began the quest for the Orb.
     0 | D:1      | Reached XP level 1. HP: 10/10 MP: 4/4
   316 | D:1      | Reached XP level 2. HP: 11/15 MP: 0/6
   778 | D:1      | Reached XP level 3. HP: 14/19 MP: 4/7
   875 | D:1      | Learned a level 2 spell: Swiftness
   879 | D:1      | Learned a level 3 spell: Static Discharge
  1376 | D:2      | Reached skill level 5 in Air Magic
  1507 | D:2      | Reached XP level 4. HP: 24/24 MP: 0/8
  2408 | D:3      | Gained mutation: You can fly. [Tengu growth]
  2408 | D:3      | Reached XP level 5. HP: 24/28 MP: 10/10
  2528 | D:3      | Reached skill level 6 in Air Magic
  2776 | D:3      | Learned a level 4 spell: Airstrike
  2927 | D:3      | Noticed Jessica
  2931 | D:3      | Killed Jessica
  2942 | D:3      | Reached XP level 6. HP: 32/32 MP: 5/12
  3504 | D:4      | Found a staircase to the Ecumenical Temple.
  3517 | Temple   | Entered the Ecumenical Temple
  4088 | D:4      | Noticed Edmund
  4100 | D:4      | Killed Edmund
  4100 | D:4      | Reached skill level 7 in Air Magic
  4198 | D:4      | Found a white marble altar of Elyvilon.
  4201 | D:4      | Found a sparkling altar of Nemelex Xobeh.
  4204 | D:4      | Found a sacrificial altar of Ru.
  4240 | D:4      | Reached XP level 7. HP: 36/36 MP: 9/14
  4433 | D:5      | Entered Level 5 of the Dungeon
  4608 | D:5      | Noticed Flooderbenga's ghost (weakling GnNe)
  4626 | D:5      | Killed Flooderbenga's ghost
  5186 | D:5      | Reached skill level 5 in Spellcasting
  5186 | D:5      | Reached skill level 8 in Air Magic
  5375 | D:5      | Found an opulent altar of Gozag.
  6140 | D:6      | Reached skill level 5 in Conjurations
  6140 | D:6      | Reached XP level 8. HP: 29/41 MP: 5/16
  6301 | D:5      | Learned a level 5 spell: Lightning Bolt
  6561 | D:6      | Reached skill level 9 in Air Magic
  6787 | D:6      | Learned a level 3 spell: Mephitic Cloud
  7075 | D:6      | Reached skill level 10 in Air Magic
  7277 | D:6      | Reached XP level 9. HP: 29/45 MP: 6/20
  7371 | D:6      | Gained mutation: You are dopey. (Int -2) [potion of mutation]
  7371 | D:6      | Gained mutation: You have supernaturally acute eyesight. (SInv) [potion of mutation]
  7371 | D:6      | Gained mutation: You evolve. [potion of mutation]
  7705 | D:6      | Found a bloodstained altar of Trog.
  8017 | D:7      | Reached skill level 11 in Air Magic
  8774 | D:7      | Reached skill level 1 in Fighting
  8920 | D:7      | Gained mutation: You are covered in fur. (AC +1) [evolution]
  9245 | D:8      | Noticed a cyclops
  9259 | D:8      | Killed a cyclops
  9259 | D:8      | Reached XP level 10. HP: 52/53 MP: 0/23
  9359 | D:8      | Reached skill level 12 in Air Magic
  9558 | D:8      | Found the +8 lance "Wyrmbane" {slay drac, rPois rF+ rC+ AC+3}
 10169 | D:8      | Gained mutation: You have sharp fingernails. [evolution]
 10186 | D:8      | Reached skill level 1 in Evocations
 10565 | D:8      | Found a radiant altar of Vehumet.
 10566 | D:8      | Found a hazy altar of Hepliaklqana.
 10568 | D:8      | Found a shattered altar of Ashenzari.
 10571 | D:8      | Became a worshipper of Vehumet
 10639 | D:9      | Found a staircase to the Lair.
 10865 | D:9      | Noticed a two-headed ogre
 10872 | D:9      | Killed a two-headed ogre
 11066 | D:9      | Gained mutation: You are agile. (Dex +2) [evolution]
 11123 | D:9      | Found a burning altar of Makhleb.
 11125 | D:9      | Found a glowing silver altar of Zin.
 11125 | D:9      | Noticed an angel
 11126 | D:9      | Noticed a balrug
 11710 | D:10     | Entered Level 10 of the Dungeon
 11840 | D:10     | Reached * piety under Vehumet
 11840 | D:10     | Offered knowledge of Sandblast by Vehumet.
 12000 | D:10     | Noticed a gargoyle
 12196 | D:10     | Killed a gargoyle
 12196 | D:10     | Reached XP level 11. HP: 60/60 MP: 5/25
 12751 | D:11     | Noticed an orange crystal statue
 13001 | D:11     | Found a portal to a secret trove of treasure.
 13019 | D:11     | Found Warrof's Antique Weapon Emporium.
 13367 | D:11     | Noticed tidbits's ghost (journeyman GnEn)
 13599 | D:11     | Offered knowledge of Searing Ray by Vehumet.
 13602 | D:11     | Reached ** piety under Vehumet
 13810 | D:11     | Noticed a brown ugly thing
 13897 | D:11     | Gained mutation: Your flesh is heat resistant. (rF+) [evolution]
 13897 | D:11     | Lost mutation: You evolve. [end of evolution]
 14414 | D:11     | Reached skill level 13 in Air Magic
 14414 | D:11     | Reached skill level 5 in Evocations
 14507 | D:11     | Reached skill level 10 in Conjurations
 14628 | D:11     | Noticed glosham's ghost (journeyman OpBe)
 14632 | D:12     | Noticed a two-headed ogre
 14637 | D:12     | HP: 1/62 [two-headed ogre/giant club (6)]
 14638 | D:12     | Killed a two-headed ogre
 14944 | D:12     | Offered knowledge of Throw Flame by Vehumet.
 15621 | D:12     | Reached *** piety under Vehumet
 15901 | D:12     | Reached skill level 5 in Fighting
 16135 | D:12     | Found Wyut's Jewellery Shop.
 16148 | D:12     | Noticed a seven-headed hydra
 16152 | D:12     | Noticed a purple ugly thing
 16157 | D:12     | Mangled by a seven-headed hydra

Skill      XL: |  1  2  3  4  5  6  7  8  9 10 11 |
---------------+----------------------------------+-----
Air Magic      | 5 6 7 8 10 11 12 13 | 13.3
Conjurations   | 2 3 4 5 6 8 9 10 | 10.7
Spellcasting   | 3 4 5 6 8 9 |  9.6
Fighting       | 2 3 5 |  5.0
Evocations     | 3 6 |  6.1
Dodging        | |  2.1
Stealth        | |  2.3

Action                   |  1- 3 |  4- 6 |  7- 9 | 10-12 || total
-------------------------+-------+-------+-------+-------++-------
Melee: Whip              |    29 |    26 |    34 |       ||    89
       Kick              |     4 |     7 |    24 |     9 ||    44
       Peck              |     3 |     1 |    17 |     7 ||    28
       Mace              |       |       |    39 |       ||    39
       Dagger            |       |       |    12 |     1 ||    13
       Staff             |       |       |       |    31 ||    31
       Lance             |       |       |       |     7 ||     7
Throw: Tomahawk          |     1 |     2 |       |       ||     3
 Cast: Shock             |    43 |    93 |   103 |    75 ||   314
       Static Discharge  |       |     8 |    36 |    75 ||   119
       Airstrike         |       |       |    32 |   128 ||   160
       Mephitic Cloud    |       |       |     7 |     5 ||    12
       Swiftness         |       |       |     1 |     5 ||     6
       Lightning Bolt    |       |       |       |     9 ||     9
 Abil: Fly               |       |       |       |     3 ||     3
Evoke: Wand              |       |     1 |     3 |     6 ||    10
       Staff of energy   |       |       |       |    12 ||    12
  Use: Scroll            |       |     2 |     6 |     7 ||    15
       Potion            |       |       |     7 |     4 ||    11
 Stab: Sleeping          |     1 |     2 |     4 |       ||     7
  Eat: Chunk             |     2 |     9 |    11 |     1 ||    23
       Ration            |       |       |     4 |     6 ||    10
Armor: Robe              |    15 |     9 |    33 |    29 ||    86
Dodge: Dodged            |    43 |    29 |   112 |   117 ||   301
